 Dungeon Crawl Stone Soup version 0.30.1 (webtiles) character file.

Game seed: 831894542936251077

141409 Graphine the Purifying Hill Orc (level 17, -5/156 HPs)
             Began as a Hill Orc Fighter on July 3, 2023.
             Was a High Priest of Elyvilon.
             Slain by a +4 mace of draining (13 damage)
             ... on level 2 of the Elven Halls.
             The game lasted 01:00:15 (28448 turns).

Graphine the Purifying Hill Orc (Hill Orc Fighter) Turns: 28448, Time: 01:00:16

Health: -5/156     AC: 24    Str: 27    XL:     17   Next: 33%
Magic:  0/31       EV:  9    Int: 11    God:    Elyvilon [*****.]
Gold:   260        SH: 15    Dex: 16    Spells: 16/16 levels left

rFire   + . .        O - +6 broad axe (freeze)
rCold   + . .        T - +2 kite shield {AC+3}
rNeg    + . .        J - +6 scale mail {rF+}
rPois   +            n - +0 helmet
rElec   .            p - +0 cloak
rCorr   .            H - +1 pair of gloves
SInv    +            (no boots)
Will    +....        q - amulet of guardian spirit Stlth
                     U - ring "Qogu" {rPois rC+ Int+3 Dex+3 Slay+2}
HPRegen 0.46/turn    L - ring "Oholin" {rN+ Dex+3 Slay+3}
MPRegen 0.22/turn

%: clarity, guardian spirit
@: silenced, attractive, studying 2 skills, invisible
A: see invisible, clarity, screaming 1
a: Renounce Religion


You were on level 2 of the Elven Halls.
You worshipped Elyvilon.
Elyvilon was extremely pleased with you.
You visited 5 branches of the dungeon, and saw 25 of its levels.
You also visited: Sewer.

You collected 2502 gold pieces.
You spent 2242 gold pieces at shops.

Inventory:

Hand Weapons
 r - the +7 mace of Insufficient Pleasure {antimagic, *Noise rC++ Str+3}
   (You bought it in a shop on level 1 of the Dungeon)

   Str:       It affects your strength (+3).
   rC:        It greatly protects you from cold.
   *Noise:    It may make noises in combat.
 x - a +4 hand axe of flaming
 A - a +4 halberd
 C - the +8 quarterstaff "Spiderbane" {holy, Str+4}
   (You found it on level 6 of the Dungeon)

   Str:       It affects your strength (+4).
 O - a +6 broad axe of freezing (weapon)
Armour
 n - a +0 helmet (worn)
 p - a +0 cloak (worn)
 H - a +1 pair of gloves (worn)
 J - a +6 scale mail of fire resistance (worn)
 T - a +2 kite shield of protection (worn)
Jewellery
 a - an amulet of magic regeneration
 c - the ring of Pumutier {Ice rElec Will+}
   (You found it on level 15 of the Dungeon)

   [ring of ice]

   It enhances your ice magic.
   rF:        It makes you vulnerable to fire.
   rC:        It protects you from cold.
   rElec:     It insulates you from electricity.
   Will:      It increases your willpower.
 q - an amulet of guardian spirit (around neck)
 s - a ring of fire
 t - a ring "Xiupnun" {rC+ rCorr Int+3}
   (You found it on level 2 of the Dungeon)

   [ring of resist corrosion]

   Int:       It affects your intelligence (+3).
   rC:        It protects you from cold.
   rCorr:     It protects you from acid and corrosion.
 D - a ring of see invisible
 L - the ring "Oholin" (right hand) {rN+ Dex+3 Slay+3}
   (You acquired it on level 10 of the Dungeon)

   [ring of positive energy]

   Dex:       It affects your dexterity (+3).
   Slay:      It affects your accuracy & damage with ranged weapons and melee
   (+3).
   rN:        It protects you from negative energy.
 U - the ring "Qogu" (left hand) {rPois rC+ Int+3 Dex+3 Slay+2}
   (You bought it in a shop on level 2 of the Orcish Mines)

   [ring of poison resistance]

   Int:       It affects your intelligence (+3).
   Dex:       It affects your dexterity (+3).
   Slay:      It affects your accuracy & damage with ranged weapons and melee
   (+2).
   rC:        It protects you from cold.
   rPois:     It protects you from poison.
Wands
 y - a wand of flame (33) (quivered)
 z - a wand of roots (16)
 I - a wand of polymorph (1)
 K - a wand of charming (11)
 M - a wand of mindburst (13)
Scrolls
 e - 3 scrolls of amnesia
 f - 4 scrolls of fear
 k - 3 scrolls of immolation
 m - 13 scrolls of teleportation
 u - 2 scrolls of poison
 E - 7 scrolls of blinking
 G - 4 scrolls of magic mapping
 N - 4 scrolls of fog
 Q - a scroll of butterflies
 R - 6 scrolls of identify
Potions
 d - 2 potions of might
 g - 5 potions of mutation
 h - 6 potions of haste
 i - 3 potions of brilliance
 j - a potion of lignification
 l - 11 potions of curing
 o - 2 potions of cancellation
 w - 6 potions of flight
 B - 4 potions of attraction


   Skills:
 + Level 15.5 Fighting
 - Level 18.1 Axes
 + Level 14.3 Armour
 + Level 14.3 Shields
 - Level 20.0 Invocations
 * Level 10.1 Evocations


You had 16 spell levels left.
You didn't know any spells.
Your spell library contained the following spells:

 Spells                   Type           Power      Damage    Failure   Level
 Beastly Appendage        Tmut           0%         N/A       67%         1
 Foxfire                  Conj/Fire      0%         2x1d4     67%         1
 Sandblast                Erth           0%         2d4       67%         1
 Slow                     Hex            0%         N/A       67%         1
 Blink                    Tloc           0%         N/A       80%         2
 Lesser Beckoning         Tloc           0%         N/A       80%         2
 Static Discharge         Conj/Air       0%         2-2/arc   80%         2
 Call Canine Familiar     Summ           0%         N/A       95%         3
 Confusing Touch          Hex            0%         N/A       95%         3
 Gell's Gravitas          Tloc           0%         N/A       95%         3
 Hailstorm                Conj/Ice       0%         3d3       95%         3
 Mephitic Cloud           Conj/Pois/Air  0%         N/A       95%         3
 Portal Projectile        Hex/Tloc       0%         N/A       95%         3
 Stone Arrow              Conj/Erth      0%         3d7       95%         3
 Teleport Other           Tloc           0%         N/A       95%         3
 Vampiric Draining        Necr           0%         2d6       95%         3
 Vhi's Electric Charge    Tloc/Air       0%         N/A       95%         3
 Animate Armour           Summ/Erth      0%         N/A       100%        4
 Ice Form                 Ice/Tmut       0%         N/A       100%        4
 Leda's Liquefaction      Hex/Erth       0%         N/A       100%        4
 Manifold Assault         Tloc           0%         N/A       100%        4
 Arcjolt                  Conj/Air       0%         1d10      100%        5
 Fireball                 Conj/Fire      0%         3d3       100%        5
 Irradiate                Conj/Tmut      0%         3d11      100%        5
 Conjure Ball Lightning   Conj/Air       0%         3x3d6     100%        6
 Dispersal                Tloc           0%         N/A       100%        6
 Plasma Beam              Fire/Air       0%         2x1d11    100%        6
 Simulacrum               Ice/Necr       0%         N/A       100%        6
 Starburst                Conj/Fire      0%         6d3       100%        6
 Statue Form              Tmut/Erth      0%         N/A       100%        6
 Storm Form               Tmut/Air       0%         N/A       100%        7
 Discord                  Hex            0%         N/A       100%        8
 Disjunction              Tloc           0%         N/A       100%        8
 Lehudib's Crystal Spear  Conj/Erth      0%         10d2      100%        8
 Shatter                  Erth           0%         3d5*      100%        9


Dungeon Overview and Level Annotations

Branches:
Dungeon (15/15)            Temple (1/1) D:5            Lair (5/5) D:11
  Swamp (0/4) Lair:3       Spider (0/4) Lair:2        Slime (0/5) Lair:5
    Orc (2/2) D:10            Elf (2/3) Orc:2        Vaults (0/5) D:13
 Depths (0/4) D:15          Sewer (visited)

Altars:
Ashenzari
Cheibriados
Dithmenos
Elyvilon
Fedhas
Gozag
Hepliaklqana
Kikubaaqudgha
Makhleb
Nemelex Xobeh
Okawaru
Qazlal
Ru
Sif Muna
Trog
Uskayaw
Vehumet
Wu Jian
Xom
Yredelemnul
Zin
The Shining One
Beogh
Jiyva
Lugonu

Shops:
D:1 (   Orc:1 :[!   Orc:2 :=(==

Portals:
Abyss: Lair:5
Trove: Elf:2 (give 7 potions of haste)

Annotations:
D:5 2 transporters
Elf:2 Jorgrun


Innate Abilities, Weirdness & Mutations

You have supernaturally acute eyesight. (SInv)
You possess an exceptional clarity of mind.
You occasionally shout uncontrollably at your foes.


Message History

Cleave: O) +6 broad axe (freeze)
Press: ? - help, Dir - move target, f - deep elf knight, p - deep elf zephyrmancer
Aim: a deep elf knight, wielding a +0 long sword and wearing a +0 buckler (silenced, almost dead, about 37% to evade your +6 broad axe of freezing)
You slash the deep elf knight! You freeze the deep elf knight.
You kill the deep elf knight!
You barely miss the +0 halberd of freezing.
You slice the deep elf zephyrmancer!! You freeze the deep elf zephyrmancer.
You kill the deep elf zephyrmancer!
You slice the deep elf pyromancer!! You freeze the deep elf pyromancer.
You slash the +4 morningstar of flaming!
The +4 morningstar of flaming falls from the air.
You miss the +2 flail of holy wrath.
You hit the +1 heavy scimitar but do no damage.
You block the +2 flail of holy wrath's attack.
The +1 heavy scimitar hits you! Elyvilon protects you from harm!
The +0 halberd of freezing hits you! Elyvilon protects you from harm!
The +0 halberd of freezing freezes you.
* * * LOW HITPOINT WARNING * * *
The deep elf zephyrmancer is attracted toward you.
Your Evocations skill increases to level 10!
Cleave: O) +6 broad axe (freeze)
Press: ? - help, Dir - move target, f - deep elf pyromancer
Aim: a deep elf pyromancer, wielding a +0 dagger (silenced, severely wounded, about 29% to evade your +6 broad axe of freezing)
Okay, then.
Magic scrolls do not work when you're silenced!
Okay, then.
Okay, then.
Magic scrolls do not work when you're silenced!
You fade into invisibility!
The +4 mace of draining barely misses you.
The +2 flail of holy wrath misses you.
You block the deep elf zephyrmancer's attack.
Jorgrun Earthshaker comes into view.
He is wielding a +0 heavy quarterstaff.
You feel a yell rip itself from your throat, but you make no sound!
You block the deep elf pyromancer's attack.
The +0 halberd of freezing completely misses you.
The +4 mace of draining hits you!
You die...

g..............
................
................
................
...............
#.............
#...(e(......
#.(@(......
#######§)ee......
##.......§e.......
##..⌠.....##.......
##.........#
.......
##..........#
#......
##...........#
#.....
#..........⌠.#
.....
#............# ...


You could see Jorgrun (wandering, unable to see you), 2 deep elf knights, a deep
elf pyromancer (unable to see you), a deep elf zephyrmancer (unable to see you)
and 4 dancing weapons.

Vanquished Creatures
  A lich (D:15)
  Rupert (D:13)
  Roxanne (Elf:2)
  The ghost of LaMa the Cryomancer, an adept DrIE of Makhleb (Elf:1)
  A deep elf sorcerer (D:15)
  A deep elf elementalist (Elf:2)
  A deep elf demonologist (Elf:2)
  A deep elf annihilator (D:15)
  Snorg (Lair:4)
  The ghost of crompyre the Unseen, a journeyman SpEE of Wu Jian (Orc:2)
  A deep elf death mage (Elf:2)
  A great orb of eyes (D:15)
  Fannar (Lair:1)
  5 hydras
  Erica (D:10)
  6 centaur warriors
  4 ogre magi (Orc:2)
  19 dancing weapons
  4 boulder beetles
  10 death yaks
  14 two-headed ogres
  4 thrashing horrors (Lair:5)
  An orc high priest (Elf:2)
  3 deep elf knights (Elf:2)
  Amaemon (Lair:3)
  A fire crab (Lair:3)
  2 skysharks (Lair:4)
  A flayed ghost (D:15)
  A sea snake (shapeshifter) (Elf:2)
  6 deep elf archers
  18 deep elf zephyrmancers
  A wizard (D:15)
  2 orc knights
  A shining eye (shapeshifter) (Elf:1)
  24 ugly things
  23 deep elf pyromancers
  A wolf spider (D:15)
  2 orc sorcerers
  A salamander (shapeshifter) (D:15)
  3 cyclopes
  A manticore (shapeshifter) (D:15)
  A manticore (D:15)
  13 elephants
  3 orange demons
  2 black mambas (Lair:5)
  4 rust devils (D:14)
  Joseph (D:9)
  A smoke demon (Lair:5)
  15 cane toads
  3 kobold demonologists (D:12)
  2 rime drakes
  An unseen horror (D:12)
  A yaktaur (D:15)
  An efreet (D:14)
  11 komodo dragons
  A komodo dragon (shapeshifter) (Lair:5)
  2 tengu conjurers (D:15)
  4 polar bears
  6 trolls
  3 meliai (D:12)
  A red devil (D:14)
  An ancient zyme (Lair:5)
  A hornet (D:9)
  A raiju (shapeshifter) (D:14)
  4 dream sheep (Lair:4)
  28 blink frogs
  6 slime creatures
  2 jumping spiders (Lair:2)
  A shadow (D:11)
  A vampire (D:11)
  2 water elementals (Elf:2)
  20 yaks
  A ynoxinul (Lair:5)
  A spriggan (Lair:5)
  5 wraiths
  2 wyverns
  5 basilisks
  A fire elemental (Elf:1)
  2 chaos spawn (Lair:5)
  2 steam dragons
  2 redbacks (Lair:2)
  4 vampire mosquitoes (D:14)
  2 wargs
  2 acid dragons
  15 water moccasins
  17 orc warriors
  9 ice beasts
  A sky beast (D:5)
  3 large abominations (Lair:5)
  43 ogres
  2 black bears (D:6)
  20 wolves
  A tengu (shapeshifter) (Lair:5)
  6 centaurs
  A phantom (D:4)
  8 bullfrogs
  2 earth elementals (Elf:1)
  5 kobold brigands
  3 gnoll sergeants
  4 scorpions
  13 small abominations (Lair:5)
  10 wights
  7 killer bees (D:7)
  4 electric eels
  7 howler monkeys
  5 hounds
  2 jellies
  10 orc priests
  Crazy Yiuf (D:7)
  A gnoll bouda (D:6)
  A sleepcap (D:4)
  Natasha (thrice) (D:2)
  5 iguanas
  25 orc wizards
  4 hell rats (Lair:4)
  A mummy (D:9)
  19 gnolls
  5 adders
  11 river rats
  A shadow imp (D:6)
  4 white imps
  An ufetubus (D:5)
  69 orcs
  11 ball pythons
  5 endoplasms
  4 giant cockroaches
  5 hobgoblins
  4 jackals (D:4)
  10 quokkas
  10 bats
  2 frilled lizards
  7 goblins
  9 kobolds
  21 rats
782 creatures vanquished.

Vanquished Creatures (others)
  An ogre mage (D:15)
  An orc (Elf:2)
2 creatures vanquished.

Grand Total: 784 creatures vanquished

Notes
Turn   | Place    | Note
-------+----------+-------------------------------------------
     0 | D:1      | Graphine the Hill Orc Fighter began the quest for the Orb.
     0 | D:1      | Reached XP level 1. HP: 19/19 MP: 1/1
     4 | D:1      | Found Sewy's Antique Weapon Emporium.
   141 | D:1      | Reached XP level 2. HP: 27/27 MP: 2/2
   354 | D:1      | Reached XP level 3. HP: 32/33 MP: 3/3
   744 | D:1      | Bought a dazzling mace for 144 gold pieces
   744 | D:1      | Identified the +7 mace of Insufficient Pleasure {antimagic,
                  | *Noise rC++ Str+3} (You bought it in a shop on level 1 of
                  | the Dungeon)
   812 | D:2      | Identified a ring "Xiupnun" {rC+ rCorr Int+3}
   851 | D:2      | Reached XP level 4. HP: 40/40 MP: 1/4
  1118 | D:2      | Noticed Natasha
  1124 | D:2      | Killed Natasha
  1142 | D:2      | Noticed Natasha
  1149 | D:2      | Killed Natasha
  1150 | D:2      | Reached XP level 5. HP: 47/47 MP: 1/5
  1447 | D:1      | Bought a runed hand axe for 108 gold pieces
  1488 | D:2      | Noticed Natasha
  1494 | D:2      | Killed Natasha
  1704 | D:3      | Found a faded altar of an unknown god.
  1779 | D:3      | Reached skill level 5 in Axes
  1787 | D:3      | Prayed at the altar of an unknown god.
  1787 | D:3      | Became a worshipper of Elyvilon the Healer
  1787 | D:3      | Reached * piety under Elyvilon
  1864 | D:3      | Found a blossoming altar of Fedhas.
  1885 | D:3      | Reached XP level 6. HP: 53/53 MP: 2/6
  2229 | D:3      | Reached ** piety under Elyvilon
  2459 | D:4      | Reached skill level 1 in Invocations
  2517 | D:4      | Reached skill level 5 in Fighting
  2517 | D:4      | Reached skill level 2 in Invocations
  2651 | D:4      | Reached XP level 7. HP: 31/61 MP: 2/8
  3144 | D:4      | Found a bloodstained altar of Trog.
  3216 | D:5      | Entered Level 5 of the Dungeon
  3228 | D:5      | Reached skill level 3 in Invocations
  3239 | D:5      | Found a staircase to the Ecumenical Temple.
  3413 | D:5      | Reached *** piety under Elyvilon
  3414 | D:5      | Found an ornate altar of the Wu Jian Council.
  3449 | D:5      | Reached skill level 5 in Shields
  3456 | D:5      | Reached skill level 4 in Invocations
  3470 | D:5      | Reached skill level 5 in Armour
  3605 | D:5      | Reached XP level 8. HP: 69/69 MP: 3/11
  3611 | D:5      | Found a glowing drain.
  3621 | Sewer    | Entered a sewer
  3787 | D:5      | Found an iron altar of Okawaru.
  3793 | D:5      | Found a transporter.
  3836 | D:5      | Found a transporter.
  3872 | D:5      | Reached skill level 5 in Invocations
  4084 | D:5      | Found an opulent altar of Gozag.
  4414 | D:6      | Reached skill level 6 in Invocations
  4696 | D:6      | Reached XP level 9. HP: 72/78 MP: 11/13
  4892 | D:6      | Identified the +8 quarterstaff "Spiderbane" {holy, Str+4}
  5096 | D:6      | Reached skill level 7 in Invocations
  5334 | D:6      | Found a white marble altar of Elyvilon.
  5467 | Temple   | Entered the Ecumenical Temple
  5754 | D:7      | Reached **** piety under Elyvilon
  6033 | D:7      | Found a glowing golden altar of the Shining One.
  6158 | D:7      | Reached skill level 8 in Invocations
  6366 | D:7      | Found a runed translucent door.
  6367 | D:7      | Noticed Crazy Yiuf
  6670 | D:7      | Killed Crazy Yiuf
  6671 | D:7      | Reached skill level 10 in Axes
  6944 | D:8      | Reached XP level 10. HP: 75/86 MP: 13/16
  6990 | D:8      | Found a sacrificial altar of Ru.
  7003 | D:8      | Found a sparkling altar of Nemelex Xobeh.
  7168 | D:8      | Found an ancient bone altar of Kikubaaqudgha.
  7332 | D:8      | Reached ***** piety under Elyvilon
  7339 | D:8      | Gained mutation: You occasionally shout uncontrollably at
                  | your foes. [potion of mutation]
  7339 | D:8      | Gained mutation: You possess an exceptional clarity of
                  | mind. [potion of mutation]
  7339 | D:8      | Gained mutation: You have supernaturally acute eyesight.
                  | (SInv) [potion of mutation]
  7438 | D:8      | Reached skill level 9 in Invocations
  7548 | D:8      | Found a stormy altar of Qazlal.
  7580 | D:8      | Found a broken altar of Ashenzari.
  8028 | D:9      | Found a snail-covered altar of Cheibriados.
  8772 | D:9      | Noticed Joseph
  8788 | D:9      | Killed Joseph
  8789 | D:9      | Reached skill level 10 in Invocations
  8962 | D:10     | Entered Level 10 of the Dungeon
  9177 | D:10     | Noticed Erica
  9186 | D:10     | Killed Erica
  9187 | D:10     | Reached XP level 11. HP: 77/95 MP: 18/18
  9434 | D:10     | Found a staircase to the Orcish Mines.
  9478 | D:10     | Reached skill level 11 in Invocations
  9851 | D:10     | Found a shimmering blue altar of Sif Muna.
  9910 | D:10     | Identified a scroll of acquirement
  9910 | D:10     | Acquired the ring "Oholin" {rN+ Dex+3 Slay+3}
 10169 | D:11     | Noticed a centaur warrior
 10197 | D:11     | Killed a centaur warrior
 10242 | D:11     | Found a staircase to the Lair.
 10269 | D:11     | Reached skill level 12 in Invocations
 10828 | Lair:1   | Entered Level 1 of the Lair of Beasts
 11267 | Lair:1   | Noticed Fannar
 11282 | Lair:1   | Killed Fannar
 11283 | Lair:1   | Reached XP level 12. HP: 54/106 MP: 9/21
 12300 | Lair:2   | Noticed a death yak
 12310 | Lair:2   | Noticed a death yak
 12318 | Lair:2   | Killed a death yak
 12319 | Lair:2   | Reached skill level 13 in Invocations
 12323 | Lair:2   | Killed a death yak
 12324 | Lair:2   | Reached skill level 10 in Fighting
 12455 | Lair:2   | Noticed a death yak
 12468 | Lair:2   | Killed a death yak
 13406 | Lair:2   | Found a hole to the Spider Nest.
 14311 | Lair:3   | Reached skill level 14 in Invocations
 14536 | Lair:3   | Acquired a +5 broad axe of freezing
 14578 | Lair:3   | Reached skill level 15 in Axes
 14673 | Lair:3   | Noticed a boulder beetle
 14673 | Lair:3   | Noticed a boulder beetle
 14685 | Lair:3   | Killed a boulder beetle
 14686 | Lair:3   | Reached XP level 13. HP: 84/114 MP: 16/23
 14829 | Lair:3   | Reached skill level 10 in Shields
 15073 | Lair:3   | Reached skill level 10 in Armour
 15591 | Lair:3   | Found a staircase to the Swamp.
 15882 | Lair:3   | Noticed Amaemon
 15904 | Lair:3   | Killed Amaemon
 15905 | Lair:3   | Reached skill level 15 in Invocations
 16937 | Lair:4   | Noticed Snorg
 16946 | Lair:4   | Killed Snorg
 16982 | Lair:4   | Reached XP level 14. HP: 107/125 MP: 22/25
 17540 | Lair:5   | Entered Level 5 of the Lair of Beasts
 17633 | Lair:5   | Found a staircase to the Slime Pits.
 17636 | Lair:5   | Found a viscous altar of Jiyva.
 17650 | Lair:5   | Reached skill level 16 in Invocations
 17739 | Lair:5   | Found the +5 robe of Night {Dark Will+ SInv}
 18256 | Lair:5   | Found the +8 whip "Snakebite" {venom, curare, rPois}
 18790 | Lair:5   | Found a corrupted altar of Lugonu.
 18790 | Lair:5   | Found a one-way gate to the infinite horrors of the Abyss.
 18837 | Lair:5   | Identified the +1 scale mail of Amelioration {*Slow rElec
                  | Str+6 Dex+3}
 19490 | D:12     | Reached skill level 17 in Invocations
 19554 | D:12     | Reached ****** piety under Elyvilon
 20522 | D:13     | Noticed Rupert
 20536 | D:13     | Killed Rupert
 20754 | D:13     | Got the Directory of Transforming Conduction
 20813 | D:13     | Reached XP level 15. HP: 70/134 MP: 2/27
 21114 | D:13     | Found a gate to the Vaults.
 21131 | D:13     | Identified the +6 bardiche "Zuzugat" {distort, rPois rF+
                  | rC+}
 21690 | D:14     | Reached skill level 18 in Invocations
 21905 | D:14     | Got the Octavo of Vehement Erosion
 22145 | D:15     | Entered Level 15 of the Dungeon
 22392 | D:15     | Noticed a deep elf sorcerer
 22398 | D:15     | Killed a deep elf sorcerer
 22399 | D:15     | Noticed a lich
 22402 | D:15     | Identified the ring of Pumutier {Ice rElec Will+}
 22407 | D:15     | Killed a lich
 22856 | D:15     | Reached skill level 19 in Invocations
 23171 | D:15     | Found a staircase to the Depths.
 23530 | D:15     | Found the +8 Wrath of Trog {antimagic, *Rage Rampage}
 23532 | D:15     | Identified the staff of fire "Narej" {rF+ MP+9}
 23890 | Orc:1    | Entered Level 1 of the Orcish Mines
 23910 | Orc:1    | Reached XP level 16. HP: 144/145 MP: 29/29
 24065 | Orc:2    | Entered Level 2 of the Orcish Mines
 24205 | Orc:2    | Reached skill level 20 in Invocations
 24211 | Orc:2    | Found Rion's Jewellery Shoppe.
 24211 | Orc:2    | Found Weju Argh's Jewellery Shop.
 24214 | Orc:2    | Found Amierch's Antique Weapon Shoppe.
 24214 | Orc:2    | Found Wuwetyif's Jewellery Boutique.
 24223 | Orc:2    | Bought the ring "Qogu" {rPois rC+ Int+3 Dex+3 Slay+2} for
                  | 550 gold pieces
 24524 | Orc:2    | Found a runed translucent gate.
 24548 | Orc:2    | Found a runed translucent gate.
 24548 | Orc:2    | Found a runed translucent gate.
 24550 | Orc:2    | Noticed crompyre's ghost (journeyman SpEE)
 24563 | Orc:2    | Killed crompyre's ghost
 24662 | Orc:2    | Found a roughly hewn altar of Beogh.
 24881 | Orc:2    | Found Usagagh's Vocational Training.
 24908 | Orc:2    | Found a staircase to the Elven Halls.
 25054 | Orc:1    | Found Irest's Book Emporium.
 25183 | Orc:1    | Found Debirik's Distillery.
 25256 | Orc:1    | Found Akueshra's Armour Shoppe.
 25523 | Orc:2    | Bought a manual of Evocations for 1440 gold pieces
 25547 | Elf:1    | Entered Level 1 of the Elven Halls
 25554 | Elf:1    | Reached skill level 1 in Evocations
 25929 | Elf:1    | Found a magical portal.
 25982 | Elf:1    | Found a runed translucent door.
 25988 | Elf:1    | Noticed LaMa's ghost (adept DrIE)
 26023 | Elf:1    | Killed LaMa's ghost
 26098 | Elf:1    | Reached skill level 5 in Evocations
 26848 | Elf:2    | Reached skill level 15 in Fighting
 27234 | Elf:2    | Reached XP level 17. HP: 93/156 MP: 27/31
 27626 | Elf:2    | Identified Roxanne's Papyrus of Terra Firma
 27626 | Elf:2    | Noticed Roxanne
 27877 | Elf:2    | Killed Roxanne
 28068 | Elf:2    | Found a runed translucent gate.
 28069 | Elf:2    | Found a runed translucent gate.
 28069 | Elf:2    | Found a runed translucent gate.
 28179 | Elf:2    | Found a portal to a secret trove of treasure.
 28442 | Elf:2    | HP: 6/156 [+4 morningstar of flaming (13)]
 28445 | Elf:2    | HP: 1/156 [deep elf knight/+0 long sword (5)]
 28447 | Elf:2    | Elyvilon protects you from harm!
 28447 | Elf:2    | Elyvilon protects you from harm!
 28448 | Elf:2    | Reached skill level 10 in Evocations
 28448 | Elf:2    | Noticed Jorgrun
 28448 | Elf:2    | Slain by a +4 mace of draining

Illustrated notes

Levels and vault maps discovered:
D:1:      dpeg_arrival_lava_altar, layout_rooms, serial_shops,
          nicolae_shop_tiny_glass, minmay_nonomino_d4
D:2:      wander_river, layout_loops_ring, uniq_natasha
D:3:      layout_loops_cross, fedhas_ov_isle_minmay,
          shapermc_ecumenical_altar_gd
D:4:      layout_basic, nicolae_overflow_hidden_temple
D:5:      gammafunk_cloud_chamber, layout_cave_pools,
          mainiacjoe_overflow_alcove_4, mainiacjoe_overflow_six_doors_small,
          amcnicky_altar_gilded, minmay_temple_entry_slanted,
          cheibrodos_sewer_entry_sluice, minmay_misc_feat_ornament
D:6:      lemuel_ratsnest, layout_cave_pools, lemuel_round_altar,
          amcnicky_mini_corridor_feature
D:7:      layout_cave_pools, mainiacjoe_overflow_catwalk,
          uniq_crazy_yiuf_cottage
D:8:      layout_loops_cross, overflow_temple_1_default, kennysheep_mini_moat,
          nemelex_xobeh_ov_fountains_minmay, mainiacjoe_overflow_two_lobes
D:9:      layout_roguey, slow_altar_2, kennysheep_nub, st_stairs_2, uniq_joseph
D:10:     layout_rooms, tgw_sif, kennysheep_orc_monster_closet_entryway,
          chequers_serial_rivers_marsh, uniq_erica
D:11:     layout_loops_ring, hellmonk_lair_entry_icy
D:12:     layout_layer_cave, kennysheep_generic_room_8
D:13:     layout_long_grid, erik_vaults_1, uniq_rupert
D:14:     layout_rooms, serial_demonic, serial_demonic_c, serial_demonic_a,
          serial_demonic_f, serial_demonic_g, minmay_misc_feat_tiny
D:15:     gammafunk_enter_depths_forms, layout_long_grid, minmay_the_grid_2x2
          [minmay_the_grid_tri_star, minmay_the_grid_holed_spiral,
          minmay_the_grid_square_x, minmay_the_grid_prize_shrinking_boxes]
Temple:   nicolae_temple_godpark
Lair:1:   layout_cave_pods, uniq_fannar
Lair:2:   layout_regular_city, spider_nest_entry_a,
          grunt_forest_large_clearings, grunt_megastairs_2
Lair:3:   layout_cellular_growth, minmay_swamp_entry_eels,
          minmay_shattered_shrine, uniq_amaemon
Lair:4:   layout_roguey, serial_bayou_lagoon_b, serial_bayou_shore_a,
          grunt_megastairs_4, serial_bayou_shore_b, lemuel_fruit_fields,
          uniq_snorg
Lair:5:   hellmonk_lair_end_abyssal_woods, layout_misc_corridors, slime_entry_1
Orc:1:    layout_diamond_mine, serial_shops, nicolae_shop_tiny_glass, shop,
          nicolae_shop_waterfront
Orc:2:    st_orc_ogre_mass, layout_diamond_mine, basic_altar,
          ebering_ghost_rock_garden, nicolae_shop_vocational
Elf:1:    elf_arrival_002, layout_geoelf_diagonals, ebering_ghost_inner_flame,
          infiniplex_enter_wizlab_glasses, minmay_elf_crystal_hexagon, drop_trap
Elf:2:    nicolae_elf_blades_crystal_corner, layout_loops_ring,
          nicolae_trove_entry_crossroad, uniq_roxanne, uniq_jorgrun

Skill      XL: |  1  2  3  4  5  6  7  8  9 10 11 12 13 14 15 16 17 |
---------------+----------------------------------------------------+-----
Axes           | 3 4 5 7 8 10 11 13 15 16 18 | 18.1
Fighting       | 4 5 6 7 8 9 10 11 12 13 15 | 15.5
Armour         | 4 5 6 7 8 9 10 11 12 13 14 | 14.3
Shields        | 4 5 6 7 8 9 10 11 12 14 | 14.3
Invocations    | 2 4 6 8 10 12 14 15 17 19 20 | 20.0
Evocations     | 7 10 | 10.1

Action                     |  1- 3 |  4- 6 |  7- 9 | 10-12 | 13-15 | 16-18 || total
---------------------------+-------+-------+-------+-------+-------+-------++-------
  Melee: War axe           |    87 |       |   187 |   619 |       |       ||   893
         Mace              |    11 |   129 |   161 |       |       |       ||   301
         Broad axe         |       |       |       |    20 |   757 |   356 ||  1133
         Hand axe          |       |       |       |       |    30 |       ||    30
 Invoke: Heal Self         |       |       |     1 |     7 |    11 |    13 ||    32
         Purification      |       |       |       |     2 |       |       ||     2
  Evoke: Wand              |       |       |       |     8 |     3 |       ||    11
    Use: Scroll            |       |    11 |    11 |     8 |     6 |     4 ||    40
         Potion            |       |       |     1 |     3 |     1 |     7 ||    12
   Stab: Paralysed         |       |       |       |       |     1 |       ||     1
 Armour: Scale mail        |    53 |    44 |   189 |   199 |   331 |   122 ||   938
  Dodge: Dodged            |    51 |    44 |   170 |   179 |   274 |    83 ||   801
  Block: Buckler           |    17 |    18 |    99 |   203 |   168 |       ||   505
         Kite shield       |       |       |       |       |   159 |   210 ||   369
